Cogmind - Beta 13 @@@ ROGUE MODE // 2024.06.06 @ 12:58:02 Player: Johge Result: Destroyed by G-47 Trooper with Particle Gun Performance ------------- Evolutions (2) 1000 Regions Visited (3) 600 Robots Destroyed (37) 185 Value Destroyed (961) 961 Prototype IDs (4) 80 Alien Tech Used (0) 0 Bonus (0) 0 TOTAL SCORE: 2826 Bonus ------- None Cogmind --------- Core Integrity 0/550 Matter 151/300 Energy 100/100 System Corruption 0% Temperature Warm (118) Movement Core (350) Ox6 Location -8/Materials Parts ------- > --- POWER (2) -------- (None) > --- PROPULSION (4) --- (None) > --- UTILITY (3) ------ Large Storage Unit > --- WEAPON (2) ------- (None) > --- INVENTORY (15) --- Cooled Ion Engine Cooling System Improved Grenade Launcher Improved Grenade Launcher Peak State ------------ > --- POWER ------------ Cooled Ion Engine Cooled Ion Engine > --- PROPULSION ------- Aluminum Leg Aluminum Leg Aluminum Leg Aluminum Leg > --- UTILITY ---------- Large Storage Unit ECM Suite Medium Armor Plating > --- WEAPON ----------- Improved Grenade Launcher Improved Grenade Launcher > --- INVENTORY -------- Cooled Ion Engine Aluminum Leg Cooling System High-capacity Matter Pod Heavy Assault Rifle Light Cannon Light Cannon Mining Laser [Rating: 21] Favorites ----------- Power Cooled Ion Engine Engine Cooled Ion Engine Propulsion Aluminum Leg Leg Aluminum Leg Utility Improved Terrain Scanner Device Improved Terrain Scanner Storage Medium Storage Unit Protection Medium Armor Plating Weapon Light Cannon Energy Gun Medium Laser Ballistic Gun Heavy Assault Rifle Ballistic Cannon Light Cannon Launcher Improved Grenade Launcher Special Weapon Mining Laser Build | -11 -10 -9 -8 ------- Run | Yrd Mat Mat Mat Slots Evolved 4 | . . 2 2 Power 1 | . . . 1 Propulsion 2 | . . 2 . Utility 1 | . . . 1 Weapon . | . . . . Parts Attached 33 | 7 3 8 15 Power 4 | 1 . 2 1 Engine 4 | 1 . 2 1 Core . | . . . . Reactor . | . . . . Propulsion 7 | 2 . 3 2 Treads . | . . . . Leg 7 | 2 . 3 2 Wheel . | . . . . Hover . | . . . . Flight . | . . . . Utility 9 | 2 1 3 3 Device 4 | 1 1 1 1 Storage 3 | 1 . 2 . Processor . | . . . . Hackware . | . . . . Protection 2 | . . . 2 Artifact . | . . . . Weapon 13 | 2 2 . 9 Energy Gun 2 | 2 . . . Energy Cannon . | . . . . Ballistic Gun 2 | . . . 2 Ballistic Cannon 5 | . 2 . 3 Launcher 3 | . . . 3 Special Weapon 1 | . . . 1 Impact Weapon . | . . . . Slashing Weapon . | . . . . Piercing Weapon . | . . . . Special Melee Weapon . | . . . . Unidentified Prototypes 2 | . . 2 . Parts Lost 17 | . . 1 16 Power 2 | . . . 2 Propulsion 6 | . . . 6 Utility 5 | . . 1 4 Weapon 4 | . . . 4 Highest Loss Streak 14 | . . 1 14 To Critical Strikes . | . . . . Average Slot Usage (%) 97 | . 100 99 89 Engine 13 | . 14 11 17 Leg 37 | . 28 44 30 Device 11 | . 14 10 11 Storage 10 | . 14 11 9 Protection 1 | . . . 5 Ballistic Gun 1 | . . . 4 Ballistic Cannon 18 | . 25 22 6 Launcher 1 | . . . 4 Naked Turns . | . . . . Heaviest Build 54 | 15 17 35 54 Greatest Support 40 | 20 20 40 40 Greatest Overweight (x) 10 | . . . 10 Average Overweight (x) . | . . . 1 Largest Inventory Capacity 15 | 8 8 15 15 Average Capacity 11 | 7 8 10 15 Most Carried 12 | 3 8 12 10 Average Carried 7 | 1 6 9 7 Final Capacity 15 | 8 8 15 15 Final Carried 11 | 3 8 11 4 Class Distribution -------------------- 63% | Mutant 36% | Scavenger-Mutant Dominant Class ---------------- Mutant | -10/Materials Mutant | -9/Materials Scavenger-Mutant | -8/Materials Resources | -11 -10 -9 -8 ----------- Run | Yrd Mat Mat Mat Matter Collected 1541 | 318 124 871 228 Remotely . | . . . . Salvage Created 995 | 207 181 417 190 Parts 64 | 17 11 22 14 Haulers Intercepted 2 | . . 2 . Recyclers Shooed 2 | 1 1 . . Parts Field Recycled . | . . . . Retrieved Matter . | . . . . Parts Self-Destructed . | . . . . Prevented . | . . . . Kills | -11 -10 -9 -8 ------- Run | Yrd Mat Mat Mat Combat Hostiles Destroyed 22 | . 4 11 7 Guns 2 | . . . 2 Cannons 16 | . 4 11 1 AOE 4 | . . . 4 Classes Destroyed 9 | 3 3 3 . Worker 3 | 2 . . 1 Tunneler 4 | 4 . . . Hauler 2 | . . 2 . Recycler 2 | 1 . 1 . Operator 2 | . 1 1 . Watcher 2 | . 1 . 1 Swarmer 3 | . . 3 . Grunt 15 | . 4 4 7 Sentry 4 | . . 4 . Best Kill Streak 7 | 7 4 7 4 Combat Bots Only 4 | . 2 4 3 Max Kills in Single Turn 2 | 1 1 1 2 Gunslinging . | . . . . Exploded 1 | . . . 1 Melee . | . . . . Uniques/NPCs Destroyed . | . . . . Combat | -11 -10 -9 -8 -------- Run | Yrd Mat Mat Mat Hostile Shots Fired 256 | . 10 79 167 Missed 80 | . 5 31 44 Damage Taken 2580 | . 58 598 1924 Core 678 | . 12 106 560 Absorbed by Shields . | . . . . Core Remaining (%) 89 | 100 95 73 . Volleys Fired 114 | 15 12 51 36 Largest 2 | 2 2 2 2 Hottest 100 | 100 70 70 100 Shots Fired 209 | 30 24 102 53 Gun 53 | 30 . . 23 Cannon 145 | . 24 102 19 Launcher 10 | . . . 10 Special 1 | . . . 1 Kinetic 168 | . 24 102 42 Thermal 31 | 30 . . 1 Explosive 10 | . . . 10 Electromagnetic . | . . . . Robot Hit Streak 18 | 5 6 18 10 Robot Miss Streak 7 | 2 3 5 7 Penetration Max . | . . . . Secondary Targets . | . . . . Shots Hit Robots 117 | 19 11 54 33 Core Hits 55 | 8 6 19 22 Critical Kills . | . . . . Critical Parts Destroyed . | . . . . Critical Strikes 3 | 2 . 1 . Burn 2 | 2 . . . Blast 1 | . . 1 . Melee Attacks . | . . . . Impact . | . . . . Slashing . | . . . . Piercing . | . . . . Sneak Attacks . | . . . . Combat Hostiles . | . . . . Follow-up Attacks . | . . . . Damage Inflicted 2769 | 264 239 991 1275 Guns 500 | 264 . . 236 Cannons 1391 | . 235 973 183 Explosions 856 | . . . 856 Melee . | . . . . Ramming 22 | . 4 18 . Kinetic 1627 | . 235 973 419 Thermal 264 | 264 . . . Explosive 856 | . . . 856 Electromagnetic . | . . . . Impact . | . . . . Slashing . | . . . . Piercing . | . . . . Highest Corruption 2 | . 2 . . Average Corruption 2 | . 2 . . Corruption Purged . | . . . . Corruption Blocked . | . . . . Effects 2 | . 2 . . Message Errors 2 | . 2 . . Overload Shots . | . . . . Overflow Damage 39 | . . . 39 Projectiles 2 | . . . 2 Explosions 37 | . . . 37 Melee . | . . . . Knockbacks 10 | . 3 3 4 Impact . | . . . . Kinetic 10 | . 3 3 4 Secondary . | . . . . Self-Inflicted Damage . | . . . . Shots . | . . . . Rammed 1 | . . . 1 Targets Rammed 3 | . 1 1 1 Kicked 2 | . 1 1 . Crushed . | . . . . Highest Temperature 195 | 195 81 72 143 Average Temperature 41 | 78 29 23 32 Received Heat Transfer 1524 | . 30 279 1215 Siege Activations . | . . . . Robots Corrupted . | . . . . Combat Hostiles . | . . . . Parts Fried . | . . . . Impact Corruptions . | . . . . Robots Melted . | . . . . Combat Hostiles . | . . . . Parts Melted 2 | 2 . . . Heat Transferred 925 | 925 . . . Parts Sabotaged . | . . . . Parts Stolen . | . . . . Parts Stripped . | . . . . Power Chain Reactions . | . . . . Alert | -11 -10 -9 -8 ------- Run | Yrd Mat Mat Mat Peak Influence 300 | 35 149 300 275 Initial 76 | . 22 62 76 Average 112 | 15 73 129 148 Maximum Alert Level 1 | . . 1 1 Low Security (%) 86 | 100 100 86 70 Level 1 13 | . . 13 29 Level 2 . | . . . . Level 3 . | . . . . Level 4 . | . . . . Level 5 . | . . . . High Security . | . . . . Max Security . | . . . . Squads Dispatched 10 | . 2 3 5 Investigation 6 | . . 3 3 Extermination . | . . . . Reinforcement 4 | . 2 . 2 Assault . | . . . . Garrison . | . . . . Intercept . | . . . . Searches Triggered . | . . . . Construction Impeded . | . . . . Haulers Reinforced . | . . . . Active Scanning Responses . | . . . . Cargo Convoy Interrupts . | . . . . Stealth | -11 -10 -9 -8 --------- Run | Yrd Mat Mat Mat Distress Signals 3 | . 1 1 1 Communications Jammed . | . . . . Distress Signals . | . . . . Times Spotted 50 | . 9 20 21 Peak Tracking Total 10 | . 4 6 10 Tactical Retreats 1 | . . 1 . Traps | -11 -10 -9 -8 ------- Run | Yrd Mat Mat Mat Traps Triggered 2 | . 1 . 1 Indirectly . | . . . . Trap Hack Attempts . | . . . . Triggered . | . . . . Disarmed . | . . . . Reprogrammed . | . . . . Reused . | . . . . Traps Extracted . | . . . . Installed . | . . . . Triggered . | . . . . Machines | -11 -10 -9 -8 ---------- Run | Yrd Mat Mat Mat Machines Disabled 3 | . . 2 1 Max in Single Turn 1 | . . 1 1 Machines Repaired . | . . . . Machines Dismantled . | . . . . Machines Sabotaged . | . . . . Overloaded Fab Kills . | . . . . Hacking | -11 -10 -9 -8 --------- Run | Yrd Mat Mat Mat Machines Accessed 10 | . 1 7 2 Terminals 5 | . . 4 1 Fabricators . | . . . . Repair Stations 1 | . . 1 . Recycling Units 2 | . 1 1 . Scanalyzers 2 | . . 1 1 Garrison Access . | . . . . Total Hacks 30 | . 2 20 8 Successful 22 | . 1 14 7 Failed 8 | . 1 6 1 Catastrophic 2 | . 1 1 . Database Lockouts . | . . . . Manual 10 | . . 10 . Terminals 16 | . . 13 3 Fabricators . | . . . . Repair Stations 4 | . . 4 . Recycling Units 3 | . 2 1 . Scanalyzers 7 | . . 2 5 Garrison Access . | . . . . Terminal Hacks 12 | . . 9 3 Record 4 | . . 3 1 Prototype ID Bank 1 | . . . 1 Scanalyzer Index 1 | . . 1 . Alert Level 2 | . . 1 1 Unreport Threat 2 | . . 2 . Investigation Status 1 | . . 1 . Hauler Manifests 1 | . . 1 . Fabricator Hacks . | . . . . Repair Station Hacks 2 | . . 2 . Scan Component 2 | . . 2 . Recycling Unit Hacks 2 | . 1 1 . Report Inventory 2 | . 1 1 . Scanalyzer 6 | . . 2 4 Insert Component 3 | . . 1 2 Analyze 3 | . . 1 2 Garrison Access Hacks . | . . . . Unauthorized Hacks . | . . . . Terminals . | . . . . Fabricators . | . . . . Repair Stations . | . . . . Recycling Units . | . . . . Scanalyzers . | . . . . Garrison Access . | . . . . Data Cores Recovered 1 | . . 1 . Used . | . . . . Hacking Detections 9 | . 1 6 2 Full Trace Events 6 | . 1 3 2 Feedback Events . | . . . . Feedback Blocked . | . . . . Robot Schematics Acquired . | . . . . Robots Built . | . . . . Authchips . | . . . . Time . | . . . . Total Robot Build Rating . | . . . . Part Schematics Acquired 2 | . . . 2 Parts Built . | . . . . Authchips . | . . . . Time . | . . . . Total Part Build Rating . | . . . . Parts Repaired . | . . . . Time . | . . . . Parts Recycled . | . . . . Recycled Matter . | . . . . Retrieved Matter . | . . . . Retrieved Components . | . . . . Parts Scanalyzed 3 | . . 1 2 Part Schematics Acquired 2 | . . . 2 Parts Damaged . | . . . . Bothacking | -11 -10 -9 -8 ------------ Run | Yrd Mat Mat Mat Used RIF Installer . | . . . . Robots Hacked . | . . . . Non-combat . | . . . . Combat . | . . . . Robot Hacks Applied . | . . . . Relay Couplers Released . | . . . . Fabnet Peak Effective % . | . . . . Robots Rewired . | . . . . Allies Hacked . | . . . . Hacks Repelled . | . . . . Allies | -11 -10 -9 -8 -------- Run | Yrd Mat Mat Mat Total Allies . | . . . . Largest Group . | . . . . Highest-Rated Group . | . . . . Highest-Rated Ally . | . . . . Total Orders . | . . . . Ally Attacks . | . . . . Total Damage . | . . . . Kills . | . . . . Allies Corrupted . | . . . . Allies Melted . | . . . . Intel | -11 -10 -9 -8 ------- Run | Yrd Mat Mat Mat Robot Analysis Total . | . . . . Derelict Logs Recovered . | . . . . Drone Launches . | . . . . Drone Recoveries . | . . . . Exploration | -11 -10 -9 -8 ------------- Run | Yrd Mat Mat Mat Turns Passed 1499 | 167 228 739 365 Spaces Moved 822 | 93 148 458 123 Core 9 | 8 . . 1 Treads . | . . . . Legs 813 | 85 148 458 122 Wheels . | . . . . Hover . | . . . . Flight . | . . . . Fastest Speed 50 | 50 120 120 190 Average Speed 130 | 113 120 120 195 Slowest Speed 550 | 120 120 120 550 Overloaded Moves . | . . . . Propulsion Burnouts . | . . . . Robots Hopped . | . . . . Cave-ins Triggered . | . . . . Exploration Rate (%) 22 | 4 37 32 16 Regions Visited 3 Branch Regions . Pre-discovered Areas . | . . . . Known Exits Taken . | . . . . Unknown Exits Taken 3 | 1 1 1 . Scrap Searched . | . . . . Spaces Dug . | . . . . Terrain Destroyed 66 | . . . 66 Melee . | . . . . Projectile 1 | . . . 1 AOE 65 | . . . 65 Terrain Rammed . | . . . . Walls Destroyed . | . . . . Machines Disabled . | . . . . Actions | -11 -10 -9 -8 --------- Run | Yrd Mat Mat Mat Total 1033 | 124 173 553 183 Wait 10 | . 1 4 5 Move 819 | 92 147 457 123 Hop . | . . . . Pick Up 38 | 10 7 19 2 Fast Attach . | . . . . Attach 18 | 7 . 3 8 Detach . | . . . . Swap 15 | . 3 5 7 Drop 16 | . 2 13 1 Fire 114 | 15 12 51 36 Melee . | . . . . Ram 1 | . . . 1 Kick 2 | . 1 1 . Crush . | . . . . Escape Stasis . | . . . . Rewire . | . . . . Trap . | . . . . Miscellaneous . | . . . . Route ------- -11/Scrapyard -10/Materials -9/Materials -8/Materials History --------- Turn | Location | Event 22 | -11/Scrapyard | Discovered new exit (range 15) 168 | -11/Scrapyard | Entered Materials 306 | -10/Materials | Build established: Mutant 327 | -10/Materials | Discovered new exit (range 11) 396 | -10/Materials | Entered another Materials area 396 | -9/Materials | Evolved 2 slots: Propulsion x2 1083 | -9/Materials | Discovered new exit (range 16) 1135 | -9/Materials | Entered another Materials area 1135 | -8/Materials | Evolved 2 slots: Power x1, Utility x1 1176 | -8/Materials | Build established: Scavenger-Mutant 1482 | -8/Materials | Core integrity fell below 50% 1496 | -8/Materials | Core integrity fell below 20% 1500 | -8/Materials | Destroyed by G-47 Trooper with Particle Gun Last Messages --------------- Critical hit (Burn: +37). Acquired Imp. Light Armor Plating. Aluminum Leg destroyed. The unstable cave ceiling collapses. G-47 Trooper destroyed. Aluminum Leg destroyed. W-25 Informer sends out distress signal. Critical hit (Burn: +37). ECM Suite destroyed. Critical hit (Burn: +37). Slammed into G-47 Trooper. Hvy. Assault Rifle destroyed. Mining Laser destroyed. Cld. Ion Engine destroyed. Critical hit (Burn: +37). Imp. Light Armor Plating destroyed. U-05 Engineer builds a Wall. Cld. Ion Engine destroyed. U-05 Engineer builds a Wall. Critical hit (Burn: +37). Map ----- +----------------------------------------------------+ | ?????????????????????????????????????????????? | | ?????????????????????????????????????????????? | | ?????????????????????????????????????????????? | | ?????????????????????????????????????????????? | | ?????????????????????????????????????????????? | | ?????????????????????????????????????????????? | | ?????????????????????????????????????????????? | | ?????????????????????????????????????????????? | | ?????????????????????????????????????????????? | | ?????????????????????????????????????????????? | | ?????????????????????????????????????????????? | | ?????????????????????????????????????????????? | | ?????????????????????????????????????????????? | | ?????????????????????????????????????????????? | | ?????????? ? ????????????????????????????????? | | ?????????? T ????????????????????????????????? | | ????#????? ????????????????????????????????? | | ???#????? ????????????????????????????????? | | ?????????# #?? ???"????????????????????????? | | ?????????# #???????????????????????????????? | | ?????????# ############????????????????????? | | ?????????# ## [ "T" #????????????????????? | | ????????## ## ! g #????????????????????? | | ????????## ## ! g #????????????????????? | | ????????# ##= g!!!#????????????????????? | | ???"??" # ###+###@g######????????????????? | | ?????"" g%%% +?????????????????? | | ????""" *g####?????????????????? | | ?????" gg# #?????????????????? | | ???? ##### # # #?????????????????? | | ?????? ####?# g # #?????????????????? | | ???? ?????# #????# # # #?????????????????? | | ??????????# #????# #u ## ######## ????????? | | #?????????# ####### # ????????? | | ??????????# ## # ????????? | | ??#???????# ## # ????????? | | ??????????# ## + ############?????????? | | ???#???#??# ## # #????????????????????? | | ??????????# ## # #????????????????????? | | ????#?????# ## # #????????????????????? | | ???????####+######### #????????????????????? | | ???????# % # #????????????????????? | | ?#???#?# % ! # #????????????????????? | | ???????# # #????????????????????? | | ???????# # #????????????????????? | | ???????# # #????????????????????? | | ???????##+#####+##### ########?????????????? | | ?#??????# #### #??# # #?????????????? | | ??#?????# ##?# # "" #?????????????? | | ????????# #### ### # ""S #?????????????? | +----------------------------------------------------+ Best States ------------- Heat Dissipation 31 Energy Generation 23 Energy Capacity 460 Matter Stores 300 Matter Capacity 300 Sight Range 16 Terrain Scan Range 16 Terrain Scan Density 10 ECM Strength 1 Armor Coverage 225 Evasion (%) 55 Item Schematics ----------------- Cld. Ion Engine | -8/Materials | Scanalyzed Imp. Grenade Launcher | -8/Materials | Scanalyzed Robot Schematics ------------------ None Fabricated ------------ Nothing Alien Tech Used ----------------- None Achievements -------------- None Challenges ------------ None Game ------ Seed CompositeRelayReconfigurator Manual? 0 Play Time 00:26:47 Cumulative 20.1 hours Start 2024.06.06 @ 12:30:47 End 2024.06.06 @ 12:58:02 Sessions 1 Manual Loads 0 Difficulty Rogue Special Mode None Game No. 33 Rogue 33 Adventurer 0 Explorer 0 Win Type - Total 0 Types 0/0/0/0/0/0/0/0/0 Lore% 9 Gallery% 22 Achievement% 18 Wizard Run 0 Options --------- Layout 1 ASCII 0 Keyboard 0 Movement Mouse Keybinds 0 Fullscreen 1 Font 24/Smallcaps Map View 50x35 Zoom Use 0% Tactical HUD 0 Map Filters NONE Filters NONE Steam 1 RUN: 70b0923e-4221-4fd7-bc51-2376d8d0db79